 Dungeon Crawl Stone Soup version 0.16.1-7-g2c6721e (webtiles) character file.

147 jacksonaction the Shooter (level 5, 41/41 HPs)
             Began as a Centaur Hunter on Mar 29, 2015.
             Quit the game on level 3 of the Dungeon.
             The game lasted 00:14:45 (2400 turns).

jacksonaction the Shooter (Centaur Hunter)          Turns: 2400, Time: 00:14:45

Health: 41/41      AC:  4    Str: 15    XL:     5   Next: 7%
Magic:  4/4        EV:  9    Int: 10    God:
Gold:   147        SH:  0    Dex: 10    Spells: 0 memorised, 4 levels left

rFire  . . .     SeeInvis .     v - +0 longbow
rCold  . . .     Clarity  .     d - +0 leather armour
rNeg   . . .     SustAb   .     (no shield)
rPois  .         Gourm    .     (no helmet)
rElec  .         Spirit   .     (no cloak)
rCorr  +         Warding  .     (no gloves)
rMut   .         Stasis   .     (no barding)
MR     .....                    t - amulet of resist corrosion
Stlth  +.........               (no ring)
                                i - ring of flight

@: very quick, not resistant to hostile enchantments, very unstealthy
A: hooves 3, deformed body, speed 2, tough skin 3
a: Evoke Flight


You were on level 3 of the Dungeon.
You were hungry.

You visited 1 branch of the dungeon, and saw 3 of its levels.

You collected 147 gold pieces.

Inventory:

Hand weapons
 a - a +0 short sword
 b - a +1 shortbow
 v - a +0 longbow (weapon)
Missiles
 c - 34 arrows (quivered)
Armour
 d - a +0 leather armour (worn)
Jewellery
 i - a ring of flight (left hand)
 t - an amulet of resist corrosion (around neck)
Magical devices
 y - a wand of slowing (17)
Scrolls
 g - 2 scrolls of fog {unknown}
 h - 2 scrolls of blinking {unknown}
 l - 2 scrolls of enchant armour {unknown}
 n - 5 scrolls of identify
 o - a scroll of noise {unknown}
 q - a scroll of remove curse {unknown}
 r - a scroll of recharging {unknown}
 s - a scroll of immolation {unknown}
 x - a scroll of amnesia {unknown}
Potions
 e - a potion of restore abilities {unknown}
 j - 2 potions of curing
 m - a potion of flight {unknown}
 z - a potion of cancellation {unknown}
Comestibles
 f - 2 bread rations
 k - a slice of pizza
 p - 3 fruits
 w - a meat ration


   Skills:
 + Level 2.2 Fighting
 + Level 7.2 Bows
 + Level 0.5 Armour
 + Level 1.7 Dodging
 + Level 0.5 Stealth
 * Level 2.0 Unarmed Combat


You had 4 spell levels left.
You didn't know any spells.

Dungeon Overview and Level Annotations

Branches:
Dungeon (3/15)

Altars:
Dithmenos
Kikubaaqudgha
Nemelex Xobeh


Innate Abilities, Weirdness & Mutations

You have hooves in place of feet.
Armour fits poorly on your strangely shaped body.
You cover ground very quickly.
You have extremely tough skin (AC +3).


Message History

Aim: a rat You shoot an arrow.
The arrow barely misses the rat.
The rat bites you. The rat bites you but does no damage.
Firing (i - inventory):
c - 31 arrows (quivered)
Press: ? - help, Shift-Dir - straight line, f/p - rat
Aim: a rat You shoot an arrow.
The arrow hits the rat.
You kill the rat!
There is a stone staircase leading down here.
c - 34 arrows (gained 4) HP restored.
You are feeling hungry.
You see here a club.
You see here a rat skeleton.
You open the large door.
Found two altars.
There is a large open door here.
There is a sparkling altar of Nemelex Xobeh here.
There is an ancient bone altar of Kikubaaqudgha here.
Are you sure you want to abandon this character and quit the game? (Confirm with "yes".)

.####..###.....##
......## #.....#
...#### #.....#
....######.###.########
......................#
................#####.#
..............######..#
.............##⌠_.'..##
........)....##⌠@.'..#
..............###8####
................###
.................#
..†.......#.....##
...#..########.##
.###.## #†# ####.# #.#
##...# ##### #.#


There were no monsters in sight!

Vanquished Creatures
  Jessica (D:3)
  5 adders
  4 worms
  An orc (D:3)
  3 ball pythons
  5 bats
  7 giant cockroaches
  5 hobgoblins
  2 jackals (D:2)
  4 kobolds
  3 giant geckos (D:3)
  A giant newt (D:1)
  6 goblins
  7 rats
54 creatures vanquished.

Notes
Turn   | Place    | Note
--------------------------------------------------------------
     0 | D:1      | jacksonaction, the Centaur Hunter, began the quest for the Orb.
     0 | D:1      | Reached XP level 1. HP: 17/17 MP: 1/1
   451 | D:1      | Reached XP level 2. HP: 24/24 MP: 2/2
   836 | D:1      | Reached skill level 6 in Bows
  1201 | D:2      | Reached XP level 3. HP: 29/29 MP: 3/3
  1217 | D:2      | Reached skill level 1 in Unarmed Combat
  1455 | D:2      | Found a shadowy altar of Dithmenos.
  1588 | D:2      | Reached XP level 4. HP: 33/36 MP: 3/3
  1878 | D:3      | Reached skill level 7 in Bows
  2201 | D:3      | Noticed Jessica
  2203 | D:3      | Killed Jessica
  2224 | D:3      | Reached XP level 5. HP: 41/41 MP: 4/4
  2395 | D:3      | Found a sparkling altar of Nemelex Xobeh.
  2395 | D:3      | Found an ancient bone altar of Kikubaaqudgha.
  2400 | D:3      | Quit the game

Action                   |  1- 3 |  4- 6 || total
-------------------------+-------+-------++-------
Melee: Unarmed           |    28 |       ||    28
 Fire: Shortbow          |    87 |    53 ||   140
       Longbow           |       |    39 ||    39
  Use: Scroll            |       |     1 ||     1
       Potion            |       |     1 ||     1
  Eat: Chunk             |     1 |     1 ||     2
